 Dungeon Crawl Stone Soup version 0.26.0-15-gc6cd9f7 (webtiles) character file.

Game seed: 4226728070907207733

986 Jonnyslop the Chopper (level 8, -9/73 HPs)
             Began as a Hill Orc Fighter on Jan 20, 2021.
             Was a Follower of Qazlal.
             Mangled by an ogre
             ... wielding a +0 giant club
              (18 damage)
             ... on level 6 of the Dungeon.
             The game lasted 00:07:47 (4991 turns).

Jonnyslop the Chopper (Hill Orc Fighter)            Turns: 4991, Time: 00:07:48

Health: -9/73      AC: 13    Str: 21    XL:     8   Next: 18%
Magic:  9/10       EV:  3    Int:  8    God:    Qazlal [*.....]
Gold:   227        SH: 10    Dex: 10    Spells: 7/7 levels left

rFire    + . .     SeeInvis .   a - +0 war axe
rCold    . . .     Faith    .   c - +0 kite shield
rNeg     . . .     Spirit   .   l - +0 plate armour
rPois    .         Reflect  .   (no helmet)
rElec    .         Harm     .   (no cloak)
rCorr    .         Rampage  .   (no gloves)
Will     .....                  g - +1 pair of boots
Stlth    ..........             r - amulet of magic regeneration
HPRegen  0.22/turn              j - ring of protection from fire
MPRegen  0.37/turn              (no ring)

@: mighty
A: no striking features
a: Renounce Religion


You were on level 6 of the Dungeon.
You worshipped Qazlal.
Qazlal was aware of your devotion.
You visited 2 branches of the dungeon, and saw 7 of its levels.

You collected 227 gold pieces.

Inventory:

Hand Weapons
 a - a +0 war axe (weapon)
Armour
 c - a +0 kite shield (worn)
 g - a +1 pair of boots (worn)
 l - a +0 plate armour (worn)
Jewellery
 j - a ring of protection from fire (left hand)
 r - an amulet of magic regeneration (around neck)
Wands
 s - a wand of paralysis (6)
Scrolls
 h - a scroll of identify
 i - 4 scrolls of remove curse
 k - a scroll of enchant weapon {unknown}
 m - a scroll of fear {unknown}
 o - 2 scrolls of teleportation
 t - a scroll of acquirement {unknown}
Potions
 b - a potion of curing {unknown}
 e - 4 potions of brilliance
 f - 2 potions of attraction {unknown}
 n - 4 potions of haste {unknown}
 p - a potion of mutation {unknown}
 q - 2 potions of invisibility {unknown}


   Skills:
 + Level 7.3 Fighting
 + Level 7.4(8.4) Axes
 - Level 4.7(6.2) Maces & Flails
 - Level 3.2 Armour
 - Level 3.2 Shields
 + Level 3.0 Invocations


You had 7 spell levels left.
You didn't know any spells.
Your spell library contained the following spells:

 Spells                   Type           Power        Failure   Level
 Freeze                   Ice            0%           100%        1
 Magic Dart               Conj           0%           100%        1
 Searing Ray              Conj           0%           100%        2
 Dazzling Flash           Conj/Hex       0%           100%        3
 Frozen Ramparts          Ice            0%           100%        3
 Ozocubu's Armour         Ice            0%           100%        3
 Fulminant Prism          Conj/Hex       0%           100%        4
 Hailstorm                Conj/Ice       0%           100%        4
 Iskenderun's Mystic Bla  Conj/Tloc      0%           100%        4
 Summon Ice Beast         Ice/Summ       0%           100%        4


Dungeon Overview and Level Annotations

Branches:
Dungeon (6/15)             Temple (1/1) D:4

Altars:
Ashenzari
Cheibriados
Dithmenos
Elyvilon
Fedhas
Gozag
Hepliaklqana
Kikubaaqudgha
Makhleb
Nemelex Xobeh
Okawaru
Qazlal
Ru
Sif Muna
Trog
Uskayaw
Vehumet
Wu Jian
Xom
Yredelemnul
Zin
The Shining One


Message History

Sigmund hits you but does no damage.
You hit Sigmund.
Sigmund is almost dead.
Sigmund says, "Don't worry, I'll kill you fast."
Sigmund hits you but does no damage.
You writhe in agony.
You hit Sigmund.
You kill Sigmund!
Qazlal accepts your kill.
Your Invocations skill increases to level 3!
You have reached level 8!
Things that are here:
a +0 scythe of pain; a +0 robe; 2 murky purple potions You slash the ogre!
The ogre is moderately wounded.
The ogre hits you with a +0 giant club!!
* * * LOW HITPOINT WARNING * * *
You barely miss the ogre.
The ogre is moderately wounded.
The ogre hits you with a +0 giant club!!
You die...

............####
.................
................
............... ...
#............. ......
#.............
..........##.............
#.........##....@O.......
#.........######°°.......
.................).......
#................).......
#..................$.....
####...............####..
#.................... .
#.....................
#<................=....


You could see an ogre.

Vanquished Creatures
  Sigmund (D:6)
  An ice beast (D:5)
  A necrophage (D:4)
  An ogre (D:4)
  2 scorpions (D:4)
  2 orc priests
  A jelly (D:5)
  4 worker ants
  A hound skeleton (D:4)
  4 gnolls (D:5)
  9 adders
  A shadow imp (D:5)
  2 white imps (D:5)
  An ufetubus (D:4)
  An ooze (D:3)
  4 worms
  2 dart slugs
  2 leopard geckos (D:4)
  15 orcs
  3 giant cockroaches
  6 goblins
  5 hobgoblins
  10 jackals
  A quokka (D:4)
  2 ball pythons
  7 bats
  6 frilled lizards
  12 kobolds
  A quokka skeleton (D:5)
  7 rats
115 creatures vanquished.

Notes
Turn   | Place    | Note
-------+----------+-------------------------------------------
     0 | D:1      | Jonnyslop the Hill Orc Fighter began the quest for the Orb.
     0 | D:1      | Reached XP level 1. HP: 19/19 MP: 1/1
   168 | D:1      | Reached XP level 2. HP: 25/27 MP: 2/2
   293 | D:1      | Reached skill level 1 in Maces & Flails
  1002 | D:2      | Reached XP level 3. HP: 32/33 MP: 3/3
  1161 | D:2      | Reached XP level 4. HP: 38/41 MP: 4/4
  1386 | D:2      | Found a faded altar of an unknown god.
  1724 | D:3      | Found an ancient bone altar of Kikubaaqudgha.
  1737 | D:3      | Found a shimmering altar of Xom.
  1737 | D:3      | Found a bloodstained altar of Trog.
  2111 | D:3      | Reached XP level 5. HP: 44/47 MP: 5/5
  2585 | D:4      | Reached skill level 5 in Fighting
  2740 | D:4      | Reached skill level 5 in Axes
  2858 | D:4      | Noticed a necrophage
  2870 | D:4      | Killed a necrophage
  2871 | D:4      | Reached XP level 6. HP: 54/56 MP: 6/6
  3219 | D:4      | Found a staircase to the Ecumenical Temple.
  3228 | Temple   | Entered the Ecumenical Temple
  3424 | Temple   | Became a worshipper of Qazlal Stormbringer
  3679 | D:4      | Reached XP level 7. HP: 63/63 MP: 7/7
  3996 | D:5      | Entered Level 5 of the Dungeon
  4239 | D:5      | Found a white marble altar of Elyvilon.
  4401 | D:5      | Found a hide-covered altar of Uskayaw.
  4402 | D:5      | Found an ornate altar of the Wu Jian Council.
  4404 | D:5      | Found a sparkling altar of Nemelex Xobeh.
  4405 | D:5      | Found a radiant altar of Vehumet.
  4437 | D:5      | Reached * piety under Qazlal
  4743 | D:5      | Reached skill level 1 in Invocations
  4968 | D:6      | Noticed Sigmund
  4988 | D:6      | Killed Sigmund
  4989 | D:6      | Reached XP level 8. HP: 36/73 MP: 8/10
  4991 | D:6      | Mangled by an ogre

Illustrated notes

Levels and vault maps discovered:
D:1:      dpeg_arrival_concentric_ovals, layout_loops_corners,
          chequers_serial_rivers_room_a
D:2:      layout_rooms, chequers_ecumenical_altar_simple
D:3:      layout_rooms, grunt_temple_overflow_open, serial_park_tiny_1
D:4:      cheibrodos_pilgrimage, layout_loops_ring, lemuel_temple_firewalk_b
D:5:      layout_basic, overflow_temple_1_default, minitemple
D:6:      layout_basic, uniq_sigmund, uniq_grinder
Temple:   eino_narrow_crystal_temple

Skill      XL: |  1  2  3  4  5  6  7 |
---------------+----------------------+-----
Axes           | 3 4 5 7 |  7.4
Maces & Flails | 1 2 3 4 |  4.7
Fighting       | 4 5 6 7 |  7.3
Invocations    | 3 |  3.0
Armour         | |  3.2
Shields        | |  3.2

Action                   |  1- 3 |  4- 6 |  7- 9 || total
-------------------------+-------+-------+-------++-------
Melee: War axe           |   109 |   180 |    67 ||   356
  Use: Scroll            |       |     8 |       ||     8
       Potion            |       |       |     1 ||     1
Armor: Scale mail        |    51 |    74 |     1 ||   126
       Plate armour      |       |       |    35 ||    35
Dodge: Dodged            |    42 |    56 |     8 ||   106
Block: Kite shield       |    57 |    83 |    21 ||   161
